 Dungeon Crawl Stone Soup version 0.21-a0-504-g2eda330 (webtiles) character file.

10803 kae the Grappler (level 11, -9/111 HPs)
             Began as a Troll Monk on Nov 26, 2017.
             Was an Elder of Wu Jian.
             Mangled by a sixfirhy (11 damage)
             ... summoned by an orc sorcerer
             ... in a volcano.
             The game lasted 00:16:36 (8898 turns).

kae the Grappler (Troll Monk)                       Turns: 8898, Time: 00:16:36

Health: -9/111     AC:  5    Str: 21    XL:     11   Next: 41%
Magic:  10/10      EV: 21    Int:  6    God:    Wu Jian [****..]
Gold:   478        SH:  0    Dex: 20    Spells: 10/10 levels left

rFire    + + .     SeeInvis .     - Unarmed
rCold    + . .     Gourm    +   (no shield)
rNeg     . . .     Faith    .   a - +0 robe
rPois    .         Spirit   .   (helmet restricted)
rElec    .         Reflect  .   G - scarf {rC+ rF+}
rCorr    .         Harm     .   (gloves unavailable)
MR       .....                  (boots unavailable)
Stlth    +++.......             (no amulet)
HPRegen  0.68/turn              B - ring of protection from fire
MPRegen  0.12/turn              (no ring)

@: agile
A: large, unfitting armour, claws 3, fast metabolism 3, gourmand, regeneration
1, shaggy fur 1, tough skin 2
a: Serpent's Lash, Renounce Religion


You were in a volcano.
You worshipped Wu Jian.
Wu Jian was greatly pleased with you.
You were not hungry.

You visited 2 branches of the dungeon, and saw 9 of its levels.
You also visited: Sewer and Volcano.

You collected 478 gold pieces.

Inventory:

Armour
 a - a +0 robe (worn)
 G - a scarf of resistance (worn)
Jewellery
 B - a ring of protection from fire (left claw)
Wands
 e - a wand of paralysis (16)
 g - a wand of enslavement (9)
 l - a wand of iceblast (2)
 o - a wand of digging (10)
 C - a wand of polymorph (10)
Scrolls
 j - 3 scrolls of fog
 k - 11 scrolls of teleportation
 n - a scroll of fear
 q - a scroll of remove curse
 t - 2 scrolls of blinking
 u - a scroll of amnesia
 x - a scroll of enchant weapon
 z - a scroll of enchant armour
 D - a scroll of identify
Potions
 c - 3 potions of haste
 f - a potion of heal wounds
 h - 8 potions of curing
 m - a potion of might
 p - a potion of agility
 s - a potion of brilliance {unknown}
 v - a potion of resistance {unknown}
 w - a potion of berserk rage
 E - a potion of lignification
Books
 d - a book of Minor Magic

   Spells                             Type                      Level
   a - Magic Dart                     Conjuration                  1
   b - Blink                          Translocation                2
   c - Call Imp                       Summoning                    2
   d - Slow                           Hexes                        2
   e - Conjure Flame                  Conjuration/Fire             3
   f - Mephitic Cloud                 Conjuration/Poison/Air       3
 y - a book of Air

   Spells                             Type                      Level
   a - Shock                          Conjuration/Air              1
   b - Swiftness                      Charms/Air                   2
   c - Static Discharge               Conjuration/Air              3
   d - Airstrike                      Air                          4
   e - Lightning Bolt                 Conjuration/Air              5
 A - a book of Maledictions

   Spells                             Type                      Level
   a - Corona                         Hexes                        1
   b - Ensorcelled Hibernation        Hexes/Ice                    2
   c - Confuse                        Hexes                        3
   d - Tukima's Dance                 Hexes                        3
   e - Dazzling Spray                 Conjuration/Hexes            3
 F - a book of Enchantments

   Spells                             Type                      Level
   a - Cause Fear                     Hexes                        4
   b - Yara's Violent Unravelling     Hexes/Transmutation          5
   c - Silence                        Hexes/Air                    5
   d - Deflect Missiles               Charms/Air                   6
   e - Discord                        Hexes                        8
Comestibles
 b - 9 bread rations
 i - 3 meat rations
 r - 3 royal jellies


   Skills:
 + Level 8.1 Fighting
 + Level 8.1 Dodging
 - Level 1.0 Stealth
 * Level 12.8 Unarmed Combat


You had 10 spell levels left.
You didn't know any spells.

Dungeon Overview and Level Annotations

Branches:
Dungeon (8/15)             Temple (0/1) D:6            Lair (1/6) D:8

Altars:
Ashenzari
Cheibriados
Dithmenos
Fedhas
Nemelex Xobeh
Vehumet
Wu Jian
The Shining One

Shops:
D:5 }   D:6 !

Annotations:
Lair:1 exclusion: 2 oklob plants


Innate Abilities, Weirdness & Mutations

You are too large for most types of armour.
You have claws for hands.
Your metabolism is lightning-fast.
You like to eat raw meat.
Your natural rate of healing is unusually fast.
You are covered in fur. (AC +1)
You have very tough skin. (AC +2)


Message History

A red ugly thing comes into view.
The red ugly thing misses you. The orc sorcerer completely misses you.
You see here a hell hound corpse.
The sixfirhy misses you. The sixfirhy hits you! The sixfirhy shocks you!
* * * LOW HITPOINT WARNING * * *
The sixfirhy barely misses you.
The orc sorcerer mumbles some strange words.
You spin and attack the sixfirhy.
You claw the sixfirhy!
The sixfirhy is almost dead.
You spin and attack the red ugly thing repeatedly.
You scratch the red ugly thing but do no damage.
The red ugly thing is moderately wounded.
You claw the red ugly thing!
The red ugly thing is heavily wounded.
The sixfirhy hits you!
* * * LOW HITPOINT WARNING * * *
The sixfirhy shocks you!
* * * LOW HITPOINT WARNING * * *
The sixfirhy closely misses you. The sixfirhy hits you!
You die...

#...≈≈≈§§§§§§≈≈≈§§...##.#
###..§≈§§§§§§§≈§§§..#####
#....≈§§§≈§§§§§.###
#....4§≈≈≈≈≈§.§.#
##.....u§§≈≈§..##
#...##o.≈....##
#8.8###......# ##.##
##3u.### #.# #.@## ##u##
#### #o3.# #..∩..#
#..###..# #..# #..# #uo#
#..# ...# #... ... ...


You could see 2 ugly things, a sixfirhy (pinned), a chaos spawn and an orc
sorcerer.

Vanquished Creatures
  2 two-headed ogres (D:8)
  6 death yaks
  A black mamba (Lair:1)
  2 komodo dragons (Lair:1)
  Prince Ribbit (D:5)
  A hippogriff (D:8)
  A spriggan (D:7)
  A basilisk (Lair:1)
  Eustachio (D:4)
  7 fire bats (Volcano)
  A water moccasin (Lair:1)
  A hell hound (Volcano)
  A porcupine (Lair:1)
  A sky beast (D:5)
  An orc warrior (D:6)
  2 ice beasts
  An ogre (D:6)
  2 phantoms
  5 centaurs
  4 crocodiles (Lair:1)
  3 bullfrogs
  2 scorpions
  2 howler monkeys
  2 crimson imps
  6 lava snakes (Volcano)
  A quasit (D:4)
  2 jellies (D:3)
  4 orc wizards
  Crazy Yiuf (D:2)
  A bullfrog skeleton (D:6)
  A gnoll shaman (D:4)
  An orc priest (D:5)
  4 hounds
  A centaur skeleton (D:5)
  5 worker ants
  Natasha (thrice) (D:3)
  2 hound zombies
  5 gnolls (D:4)
  7 river rats (Sewer)
  8 adders
  A shadow imp (D:8)
  11 oozes
  An adder zombie (D:6)
  2 worms
  2 dart slugs
  7 leopard geckos
  15 orcs
  3 bats
  4 giant cockroaches
  3 goblins
  2 hobgoblins
  20 jackals
  A quokka (D:6)
  5 ball pythons
  9 frilled lizards
  16 kobolds
  3 quokka skeletons
  12 rats
  2 fungi (D:2)
222 creatures vanquished.

Vanquished Creatures (others)
  A rat (D:3)
  4 fungi (D:3)
  A plant (Lair:1)
  7 toadstools (D:3)
13 creatures vanquished.

Grand Total: 235 creatures vanquished

Notes
Turn   | Place    | Note
-------+----------+-------------------------------------------
     0 | D:1      | kae the Troll Monk began the quest for the Orb.
     0 | D:1      | Reached XP level 1. HP: 22/22 MP: 0/0
   245 | D:1      | Reached XP level 2. HP: 29/29 MP: 1/1
   517 | D:1      | Reached XP level 3. HP: 36/36 MP: 2/2
   592 | D:2      | Found a faded altar of an unknown god.
   715 | D:2      | Found a sparkling altar of Nemelex Xobeh.
   767 | D:2      | Reached skill level 4 in Unarmed Combat
  1035 | D:2      | Found a runed door.
  1039 | D:2      | Noticed Crazy Yiuf
  1045 | D:2      | Killed Crazy Yiuf
  1045 | D:2      | Reached XP level 4. HP: 7/45 MP: 3/3
  1657 | D:3      | Found a radiant altar of Vehumet.
  1765 | D:3      | Noticed Natasha
  1768 | D:3      | Killed Natasha
  1768 | D:3      | Reached XP level 5. HP: 53/53 MP: 4/4
  1805 | D:3      | Reached skill level 5 in Unarmed Combat
  1901 | D:3      | Noticed Natasha
  1912 | D:3      | Killed Natasha
  1965 | D:3      | Reached XP level 6. HP: 53/61 MP: 5/5
  2261 | D:3      | Noticed Natasha
  2267 | D:3      | Killed Natasha
  2606 | D:4      | Found a snail-covered altar of Cheibriados.
  2812 | D:4      | Reached skill level 6 in Unarmed Combat
  2812 | D:4      | Reached XP level 7. HP: 55/68 MP: 6/6
  2908 | D:4      | Found a shadowy altar of Dithmenos.
  3110 | D:4      | Noticed Eustachio
  3189 | D:4      | Killed Eustachio
  3371 | D:5      | Entered Level 5 of the Dungeon
  3395 | D:5      | Reached skill level 7 in Unarmed Combat
  3605 | D:5      | Reached XP level 8. HP: 70/79 MP: 7/7
  3622 | D:5      | Noticed Prince Ribbit
  3629 | D:5      | Killed Prince Ribbit
  3649 | D:5      | Found a blossoming altar of Fedhas.
  3977 | D:5      | Found a shattered altar of Ashenzari.
  3977 | D:5      | Found an ornate altar of the Wu Jian Council.
  4009 | D:5      | Found a glowing golden altar of the Shining One.
  4062 | D:5      | Became a worshipper of the Wu Jian Council
  4062 | D:5      | Reached * piety under Wu Jian
  4062 | D:5      | Reached ** piety under Wu Jian
  4169 | D:5      | Found Reixkie's Gadget Shop.
  4219 | D:6      | Found a glowing drain.
  4243 | Sewer    | Entered a sewer
  4327 | Sewer    | Reached skill level 8 in Unarmed Combat
  4376 | Sewer    | Reached skill level 5 in Dodging
  4627 | D:6      | Reached skill level 5 in Fighting
  5027 | D:6      | Found a staircase to the Ecumenical Temple.
  5178 | D:6      | Reached *** piety under Wu Jian
  5442 | D:6      | Found Igaw Sajad's Distillery.
  5460 | D:6      | Reached XP level 9. HP: 57/88 MP: 8/8
  5542 | D:6      | Reached skill level 9 in Unarmed Combat
  6551 | D:8      | Noticed a two-headed ogre
  6565 | D:8      | Killed a two-headed ogre
  6565 | D:8      | Reached skill level 10 in Unarmed Combat
  6750 | D:8      | Noticed a death yak
  6750 | D:8      | Noticed a death yak
  6750 | D:8      | Noticed a death yak
  6751 | D:8      | Noticed a death yak
  6753 | D:8      | Noticed a death yak
  6754 | D:8      | Noticed a death yak
  6765 | D:8      | Killed a death yak
  6765 | D:8      | Reached XP level 10. HP: 72/100 MP: 9/9
  6770 | D:8      | Killed a death yak
  6770 | D:8      | Reached skill level 11 in Unarmed Combat
  6775 | D:8      | Killed a death yak
  6779 | D:8      | Killed a death yak
  6972 | D:7      | Killed a death yak
  7064 | D:8      | HP: 4/102 [death yak (15)]
  7068 | D:8      | Killed a death yak
  7068 | D:8      | Reached skill level 12 in Unarmed Combat
  7251 | D:8      | Found a staircase to the Lair.
  7295 | D:8      | Noticed a two-headed ogre
  7303 | D:8      | Killed a two-headed ogre
  7303 | D:8      | Reached XP level 11. HP: 93/109 MP: 10/10
  7392 | D:8      | Reached **** piety under Wu Jian
  7716 | Lair:1   | Entered Level 1 of the Lair of Beasts
  7856 | Lair:1   | Noticed an oklob plant
  7856 | Lair:1   | Noticed an oklob plant
  8212 | Lair:1   | Found a dark tunnel.
  8462 | Volcano  | Entered a volcano
  8878 | Volcano  | Noticed a red ugly thing
  8879 | Volcano  | Noticed an orc sorcerer
  8885 | Volcano  | Noticed a sixfirhy
  8896 | Volcano  | Noticed a red ugly thing
  8898 | Volcano  | HP: 2/111 [sixfirhy[an orc sorcerer] (11)]
  8898 | Volcano  | Mangled by a sixfirhy

Vault maps used:
D:1:      nicolae_arrival_somewhat_less_tricky_arrival
D:2:      chequers_ecumenical_altar_twisty, first_bread, serial_bayou_pond_c,
          nemelex_dance_club_becter, uniq_crazy_yiuf_cottage
D:3:      cheibrodos_fertilizer, fiery_altar_vehumet, uniq_natasha
D:4:      kennysheep_slug_shrine, hangedman_decor_slide_cut, amethyst_killhole,
          grunt_ministairs_2, grunt_dithmenos_smoke_and_mirrors, uniq_eustachio
D:5:      nicolae_overflow_hidden_temple, lemuel_round_altar,
          gammafunk_temple_overflow_elements, serial_shops, shop,
          patterned_corridor, uniq_prince_ribbit1
D:6:      minmay_temple_entry_trees, portal_sewer_entry_d, serial_shops,
          shop_statue
D:7:      the_bakery
D:8:      dpeg_lair_monsters, minmay_door_square
Lair:1:   lightli_volcano_entry_magma_tube, minivault_23,
          minmay_lair_oklob_chamber
Sewer:    sewer_co_cracked_pipes
Volcano:  volcano_grotto

Skill      XL: |  1  2  3  4  5  6  7  8  9 10 11 |
---------------+----------------------------------+-----
Unarmed Combat | 4 5 6 7 8 10 12 | 12.8
Fighting       | 3 4 5 6 7 8 |  8.1
Dodging        | 3 4 5 6 7 8 |  8.1
Stealth        | |  1.0

Action                   |  1- 3 |  4- 6 |  7- 9 | 10-12 || total
-------------------------+-------+-------+-------+-------++-------
Melee: Unarmed           |   101 |   155 |   374 |   175 ||   805
       Punch             |       |     4 |     8 |    11 ||    23
Evoke: Wand              |       |       |     3 |       ||     3
  Use: Scroll            |     2 |     9 |     5 |     8 ||    24
       Potion            |       |       |     2 |     1 ||     3
 Stab: Sleeping          |     3 |     1 |     7 |     2 ||    13
  Eat: Chunk             |    15 |    16 |    37 |    14 ||    82
Armor: Robe              |    33 |    55 |   102 |    13 ||   203
Dodge: Dodged            |    35 |    93 |   211 |    86 ||   425

Table legend:
 A = Spawn XP
 B = Non-spawn XP
 C = Spawn XP percentage of total XP
 D = Spawn monster count
 E = Non-spawn monster count
 F = Spawn count percentage of total count
 G = Total turns spent on level
                    A         B        C        D         E        F      G
               +---------+---------+-------+---------+---------+-------+---------
         Total |       0 |   15433 |   0.0 |       0 |     220 |   0.0 |  8898
               +---------+---------+-------+---------+---------+-------+---------
           D:1 |       0 |      41 |   0.0 |       0 |      20 |   0.0 |   578
           D:2 |       0 |      93 |   0.0 |       0 |      13 |   0.0 |   609
           D:3 |       0 |     430 |   0.0 |       0 |      41 |   0.0 |  1218
           D:4 |       0 |     654 |   0.0 |       0 |      22 |   0.0 |   966
           D:5 |       0 |     669 |   0.0 |       0 |      19 |   0.0 |   837
           D:6 |       0 |     991 |   0.0 |       0 |      21 |   0.0 |  1116
           D:7 |       0 |    1452 |   0.0 |       0 |      12 |   0.0 |  1150
           D:8 |       0 |    7094 |   0.0 |       0 |      25 |   0.0 |   904
        Lair:1 |       0 |    2093 |   0.0 |       0 |      10 |   0.0 |   746
         Sewer |       0 |     122 |   0.0 |       0 |      23 |   0.0 |   338
       Volcano |       0 |    1794 |   0.0 |       0 |      14 |   0.0 |   436
               +---------+---------+-------+---------+---------+-------+---------
